 Dungeon Crawl Stone Soup version 0.29.0-13-gc9e81de378 (webtiles) character file.

Game seed: 7988376438701219606

95 groovy9 the Chopper (level 4, -3/39 HPs)
             Began as a Hill Orc Fighter on Sept 11, 2022.
             Slain by Sigmund
             ... wielding a +0 scythe
              (5 damage)
             ... on level 2 of the Dungeon.
             The game lasted 00:04:12 (2028 turns).

groovy9 the Chopper (Hill Orc Fighter)              Turns: 2028, Time: 00:04:12

Health: -3/39      AC:  9    Str: 24    XL:     4   Next: 65%
Magic:  4/4        EV:  9    Int:  8    God:
Gold:   162        SH:  0    Dex: 13    Spells: 3/3 levels left

rFire   . . .      SeeInvis .   g - +6 flail of Chewing Death {venom, rElec Str+4}
rCold   . . .      Faith    .   (no shield)
rNeg    . . .      Spirit   .   b - +0 scale mail
rPois   .          Reflect  .   (no helmet)
rElec   +          Harm     .   e - +0 cloak of the Flute {Dex+3}
rCorr   +          Rampage  .   (no gloves)
Will    .....                   k - +0 pair of boots
Stlth   ..........              (no amulet)
HPRegen 0.13/turn               f - ring of resist corrosion
MPRegen 0.09/turn               (no ring)

@: mighty
A: no striking features
a: no special abilities


You were on level 2 of the Dungeon.
You visited 1 branch of the dungeon, and saw 2 of its levels.

You collected 162 gold pieces.

Inventory:

Hand Weapons
 a - a +0 war axe
 g - the +6 flail of Chewing Death (weapon) {venom, rElec Str+4}
   (You found it on level 2 of the Dungeon)

   It poisons the flesh of those it strikes.
   Str:       It affects your strength (+4).
   rElec:     It insulates you from electricity.
Armour
 b - a +0 scale mail (worn)
 c - a +0 buckler
 e - the +0 cloak of the Flute (worn) {Dex+3}
   (You found it on level 2 of the Dungeon)

   Dex:       It affects your dexterity (+3).
 i - a +0 kite shield
 k - a +0 pair of boots (worn)
Jewellery
 f - a ring of resist corrosion (left hand)
Potions
 h - a potion of heal wounds {unknown}
 j - a potion of curing {unknown}


   Skills:
 - Level 3.6 Fighting
 - Level 5.9(6.1) Axes
 + Level 1.3(3.3) Maces & Flails
 - Level 3.2 Armour
 - Level 3.2 Shields


You had 3 spell levels left.
You didn't know any spells.
Your spell library contained the following spells:

 Spells                   Type           Power      Damage    Failure   Level
 Summon Small Mammal      Summ           0%         N/A       71%         1


Dungeon Overview and Level Annotations

Branches:
Dungeon (2/15)

Altars:

Annotations:
D:2 Sigmund


Message History

You sock the ball python!
You kill the ball python!
Something hits you but does no damage.
You see here a ball python corpse.
You miss something.
You hear some strange, mumbled words.
Something tries to affect you, but you resist.
You closely miss something. Something hits you.
You miss something.
You hear some strange, mumbled words.
You are confused.
You miss something. Something hits you but does no damage.
You bump into the rock wall.
Something hits you!
You miss something.
You hear some strange, mumbled words.
A puff of flame appears from out of thin air!
The puff of flame misses you.
You miss something. Something hits you.
You are too confused!
You feel very mighty all of a sudden.
You feel less confused. Something hits you.
* * * LOW HITPOINT WARNING * * *
You barely miss something. You closely miss something.
You hear some strange, mumbled words.
A magic dart appears from out of thin air!
The magic dart hits you.
* * * LOW HITPOINT WARNING * * *
Something hits you.
* * * LOW HITPOINT WARNING * * *
You miss something. You miss something.
You hear some strange, mumbled words.
A magic dart appears from out of thin air!
The magic dart hits you but does no damage.
Something hits you.
* * * LOW HITPOINT WARNING * * *
You sock something! You sock something! Something hits you.
You die...

#############
#...........#
#.######....#
#.# ##...#
##.#
##@#######.#
#..#
#{.........
#.##
#########.#
#.# #.# #.#
#.# #.#
#.#######


There were no monsters in sight!

Vanquished Creatures
  Jessica (D:2)
  3 adders (D:2)
  3 orcs (D:2)
  2 ball pythons
  4 endoplasms
  A giant cockroach (D:2)
  3 goblins
  5 hobgoblins
  A quokka (D:1)
  2 bats (D:1)
  3 frilled lizards
  A kobold (D:1)
  10 rats
39 creatures vanquished.

Notes
Turn   | Place    | Note
-------+----------+-------------------------------------------
     0 | D:1      | groovy9 the Hill Orc Fighter began the quest for the Orb.
     0 | D:1      | Reached XP level 1. HP: 19/19 MP: 1/1
   188 | D:1      | Reached skill level 3 in Axes
   518 | D:1      | Reached XP level 2. HP: 25/26 MP: 2/2
   678 | D:1      | Reached skill level 4 in Axes
   776 | D:1      | Found a faded altar of an unknown god.
   781 | D:1      | Got Plato's Reference Book on the Swarm
  1330 | D:2      | Identified the +0 cloak of the Flute {Dex+3}
  1355 | D:2      | Reached XP level 3. HP: 26/31 MP: 3/3
  1364 | D:2      | Reached skill level 5 in Axes
  1429 | D:2      | Noticed Jessica
  1448 | D:2      | Killed Jessica
  1449 | D:2      | Reached XP level 4. HP: 24/39 MP: 4/4
  1598 | D:2      | Identified the +6 flail of Chewing Death {venom, rElec
                  | Str+4}
  1798 | D:2      | Reached skill level 1 in Maces & Flails
  2002 | D:2      | Noticed Sigmund
  2028 | D:2      | Slain by Sigmund

Illustrated notes

Levels and vault maps discovered:
D:1:      kilobyte_arrival_exit_the_forest, layout_basic,
          shapermc_ecumenical_altar_rom_forum
D:2:      layout_loops_cross, uniq_crazy_yiuf_cottage, uniq_sigmund,
          uniq_jessica

Skill      XL: |  1  2  3  4 |
---------------+-------------+-----
Axes           | 3 4 5 |  5.9
Maces & Flails | 1 |  1.3
Fighting       | |  3.6
Armour         | |  3.2
Shields        | |  3.2

Action                   |  1- 3 |  4- 6 || total
-------------------------+-------+-------++-------
Melee: War axe           |    80 |     1 ||    81
       Flail             |       |    33 ||    33
  Use: Scroll            |     1 |       ||     1
       Potion            |       |     1 ||     1
Armor: Scale mail        |    42 |    13 ||    55
Dodge: Dodged            |    36 |    10 ||    46
Block: Buckler           |    20 |     2 ||    22
